 Dungeon Crawl Stone Soup version 0.30-a0-802-gb92711bcdf (webtiles) character file.

Game seed: 15959455692446813981

2228 cheesebisquit the Cleaver (level 9, 73/73 HPs)
             Began as a Minotaur Berserker on Feb 23, 2023.
             Was a Priest of Trog.
             Quit the game on level 6 of the Dungeon.
             The game lasted 00:21:05 (5220 turns).

cheesebisquit the Cleaver (Minotaur Berserker)      Turns: 5220, Time: 00:21:06

Health: 73/73      AC: 18    Str: 27    XL:     9   Next: 14%
Magic:  8/8        EV:  7    Int:  4    God:    Trog [***...]
Gold:   293        SH:  4    Dex:  9    Spells: 8/8 levels left

rFire   . . .      SeeInvis +    a - +0 hand axe
rCold   . . .      Faith    .    i - +2 buckler
rNeg    . . .      Spirit   .    y - +0 plate armour
rPois   +          Reflect  .    (helmet restricted)
rElec   .          Harm     .    B - +1 cloak
rCorr   .          Rampage  .    z - +0 pair of gloves
Will    +....                    (no boots) Stlth
                                 (no amulet)
HPRegen 0.32/turn                d - +4 ring of protection
MPRegen 0.11/turn                n - ring of Ughicic {rPois Will+ SInv}

@: no status effects
A: horns 2, retaliatory headbutt
a: Renounce Religion, Berserk, Trog's Hand


You were on level 6 of the Dungeon.
You worshipped Trog.
Trog was most pleased with you.
You visited 1 branch of the dungeon, and saw 6 of its levels.

You collected 293 gold pieces.

Inventory:

Hand Weapons
 a - a +0 hand axe (weapon)
Missiles
 L - 4 poisoned darts (quivered)
Armour
 i - a +2 buckler (worn)
 y - a +0 plate armour (worn)
 z - a +0 pair of gloves (worn)
 B - a +1 cloak (worn)
 H - a scarf of repulsion
Jewellery
 d - a +4 ring of protection (left hand)
 h - an amulet of faith
 n - the ring of Ughicic (right hand) {rPois Will+ SInv}
   (You found it on level 2 of the Dungeon)

   [ring of poison resistance]

   rPois:     It protects you from poison.
   SInv:      It lets you see invisible.
   Will:      It increases your willpower.
Wands
 m - a wand of quicksilver (17)
 s - a wand of flame (19)
 J - a wand of iceblast (8)
Scrolls
 b - a scroll of blinking
 c - 4 scrolls of teleportation
 f - a scroll of acquirement {unknown}
 k - a scroll of noise {unknown}
 l - 3 scrolls of vulnerability
 p - a scroll of magic mapping {unknown}
 t - a scroll of fog
 u - a scroll of immolation {unknown}
 A - a scroll of enchant weapon {unknown}
 D - a scroll of torment {unknown}
 E - a scroll of summoning {unknown}
 F - 2 scrolls of enchant armour {unknown}
 I - a scroll of fear {unknown}
Potions
 e - 3 potions of heal wounds
 g - 2 potions of berserk rage {unknown}
 j - a potion of degeneration {unknown}
 o - 4 potions of lignification
 q - 3 potions of mutation
 r - 2 potions of might {unknown}
 v - 2 potions of brilliance
 w - a potion of flight {unknown}
 x - 2 potions of curing {unknown}
 C - 2 potions of haste {unknown}
 G - a potion of ambrosia {unknown}
 K - a potion of invisibility


   Skills:
 + Level 4.9 Fighting
 - Level 14.0 Axes
 - Level 3.4 Armour
 - Level 3.0 Dodging


You had 8 spell levels left.
You didn't know any spells.
Your spell library was empty.

Dungeon Overview and Level Annotations

Branches:
Dungeon (6/15)             Temple (0/1) D:4

Altars:
Elyvilon
Fedhas
Hepliaklqana
Kikubaaqudgha
Nemelex Xobeh
The Shining One

Shops:
D:1 ([=   D:2 *


Innate Abilities, Weirdness & Mutations

You have a pair of horns on your head.
You reflexively headbutt those who attack you in melee.


Message History

You feel yourself slow down.
You feel sick.
You feel sick.
You feel sick.
You are no longer poisoned.
HP restored.
Found a dagger.
You feel the effects of Trog's Hand fading.
I - a scroll labelled QATATA SAGEMU Your skin stops crawling.
You feel less strong-willed.
Things that are here:
a +0 halberd; a +0 robe
J - a wand of iceblast (8)
You see here a +0 dagger.
You now have 293 gold pieces (gained 17).
You open the door.
There is an open door here.
You feel yourself speed up.
You recover from your berserk rage.
Found a ring mail.
K - a potion of invisibility You see here a +0 ring mail.
You see here a +0 ring mail.
There is an open door here.
You open the door.
There is an open door here.
Found 4 poisoned darts.
You see here 4 poisoned darts.
You see here 4 poisoned darts.
L - 4 poisoned darts A hound comes into view.
The hound barks!
The hound bites you but does no damage.
You closely miss the hound. Your headbutt misses the hound.
The hound bites you but does no damage.
You hit the hound. You headbutt the hound!
You kill the hound!
Trog accepts your kill.
You see here a hound corpse.
Are you sure you want to abandon this character and quit the game? (Confirm with "yes".)

#...................#
#.#
#.###################
..# ###
####################
#..........†@.......
#####.##################
......# #######


There were no monsters in sight!

Vanquished Creatures
  Sigmund (D:2)
  Eustachio (D:4)
  Duvessa (D:4)
  3 black bears
  Pargi (D:3)
  An orc warrior (D:5)
  An ogre (D:5)
  2 necrophages (D:5)
  3 scorpions
  Dowan (D:4)
  A wight (D:6)
  A vampire bat (D:3)
  3 hounds
  A jelly (D:6)
  2 orc priests
  Crazy Yiuf (D:5)
  2 gnoll boudas
  4 iguanas
  Natasha (thrice) (D:3)
  3 orc wizards
  Robin (D:2)
  10 gnolls
  11 adders
  A white imp (D:5)
  2 worms
  4 dart slugs
  9 orcs
  11 ball pythons
  5 bats
  4 bat skeletons (D:3)
  A bat zombie (D:3)
  12 endoplasms
  3 giant cockroaches (D:2)
  12 goblins
  8 hobgoblins
  9 kobolds
  2 quokkas
  2 frilled lizards
  5 rats
148 creatures vanquished.

Vanquished Creatures (others)
  4 fungi (D:1)
  2 plants (D:1)
  A withered plant (D:1)
7 creatures vanquished.

Grand Total: 155 creatures vanquished

Notes
Turn   | Place    | Note
-------+----------+-------------------------------------------
     0 | D:1      | cheesebisquit the Minotaur Berserker began the quest for
                  | the Orb.
     0 | D:1      | Reached XP level 1. HP: 19/19 MP: 0/0
   169 | D:1      | Reached XP level 2. HP: 26/27 MP: 1/1
   250 | D:1      | Found Viered's Jewellery Emporium.
   311 | D:1      | Found Koucel's Armour Emporium.
   517 | D:1      | Reached skill level 4 in Axes
   517 | D:1      | Found a faded altar of an unknown god.
   649 | D:1      | Found Hanneudeo's Antique Weapon Boutique.
   714 | D:2      | Reached XP level 3. HP: 33/33 MP: 2/2
   749 | D:2      | Reached ** piety under Trog
   791 | D:2      | Noticed Robin
   812 | D:2      | Killed Robin
   813 | D:2      | Reached XP level 4. HP: 41/41 MP: 3/3
   834 | D:2      | Identified the ring of Ughicic {rPois Will+ SInv}
  1031 | D:2      | Found Xasiw's Assorted Antiques.
  1042 | D:2      | Noticed Sigmund
  1063 | D:2      | Killed Sigmund
  1064 | D:2      | Reached skill level 6 in Axes
  1064 | D:2      | Reached XP level 5. HP: 24/47 MP: 4/4
  1390 | D:3      | Found a glowing golden altar of the Shining One.
  1585 | D:3      | Reached XP level 6. HP: 53/53 MP: 5/5
  1692 | D:3      | Reached skill level 7 in Axes
  1730 | D:3      | Reached *** piety under Trog
  1759 | D:3      | Noticed Pargi
  1769 | D:3      | Killed Pargi
  1851 | D:3      | Found an ancient bone altar of Kikubaaqudgha.
  1858 | D:3      | Reached skill level 8 in Axes
  2125 | D:3      | Noticed Natasha
  2131 | D:3      | Killed Natasha
  2215 | D:3      | Noticed Natasha
  2228 | D:3      | Killed Natasha
  2342 | D:3      | Found a glowing golden altar of the Shining One.
  2357 | D:3      | Noticed Natasha
  2375 | D:3      | Killed Natasha
  2376 | D:3      | Reached XP level 7. HP: 41/60 MP: 6/6
  2626 | D:3      | Found an ancient bone altar of Kikubaaqudgha.
  3083 | D:4      | Reached skill level 9 in Axes
  3209 | D:4      | Noticed Duvessa
  3210 | D:4      | Noticed Dowan
  3219 | D:4      | Killed Dowan
  3220 | D:4      | Reached skill level 10 in Axes
  3221 | D:4      | Killed Duvessa
  3323 | D:4      | Noticed Eustachio
  3335 | D:4      | Killed Eustachio
  3336 | D:4      | Reached skill level 11 in Axes
  3336 | D:4      | Reached XP level 8. HP: 67/67 MP: 7/7
  3630 | D:4      | Found a staircase to the Ecumenical Temple.
  3823 | D:5      | Entered Level 5 of the Dungeon
  3877 | D:5      | Reached skill level 12 in Axes
  3963 | D:5      | Found a hazy altar of Hepliaklqana.
  3966 | D:5      | Found a sparkling altar of Nemelex Xobeh.
  3966 | D:5      | Found a white marble altar of Elyvilon.
  3991 | D:5      | Reached skill level 13 in Axes
  4143 | D:5      | Identified the +8 mace "Lufijept" {flame, Str+3}
  4211 | D:5      | Found a runed translucent door.
  4212 | D:5      | Noticed Crazy Yiuf
  4613 | D:5      | Killed Crazy Yiuf
  4688 | D:6      | Reached XP level 9. HP: 72/72 MP: 8/8
  4827 | D:6      | Found a blossoming altar of Fedhas.
  5010 | D:6      | Reached skill level 14 in Axes
  5220 | D:6      | Quit the game

Illustrated notes

Levels and vault maps discovered:
D:1:      lightli_arrival_maybe_door_vault, layout_basic,
          shapermc_ecumenical_altar_gd, serial_shops, nicolae_shop_crystal,
          shop, shop
D:2:      minmay_angry_zag, layout_rooms, serial_shops, shop, uniq_robin,
          uniq_sigmund
D:3:      layout_basic, kennysheep_vampire_church, tso_metal_star,
          amethyst_killhole, uniq_pargi, uniq_natasha
D:4:      layout_rooms, temple_green, minmay_increasing_density, uniq_duvessa,
          uniq_eustachio
D:5:      layout_layer_cave, grunt_temple_overflow_open, uniq_crazy_yiuf_cottage
D:6:      layout_loops_ring, mainiacjoe_overflow_concentric_impassable,
          kennysheep_generic_room_2

Skill      XL: |  1  2  3  4  5  6  7  8  9 |
---------------+----------------------------+-----
Axes           | 4 6 8 11 13 14 | 14.0
Fighting       | 4 |  4.9
Armour         | 3 |  3.4
Dodging        | 3 |  3.0

Action                     |  1- 3 |  4- 6 |  7- 9 || total
---------------------------+-------+-------+-------++-------
  Melee: Hand axe          |    81 |   126 |   165 ||   372
         Headbutt          |     7 |    18 |    29 ||    54
 Invoke: Trog's Hand       |     1 |       |     8 ||     9
         Berserk           |     1 |       |     7 ||     8
    Use: Scroll            |       |       |     7 ||     7
 Armour: Animal skin       |     3 |       |       ||     3
         Ring mail         |    22 |    63 |     9 ||    94
         Plate armour      |       |       |    81 ||    81
         Scale mail        |       |       |     1 ||     1
  Dodge: Dodged            |    50 |    68 |    43 ||   161
  Block: Buckler           |     8 |    20 |    26 ||    54

Table legend: (Time is in decaauts)
 A = Elapsed time spent in this place.
 B = Non-inter-level travel time spent in this place.
 C = Inter-level travel time spent in this place.
 D = Time resting spent in this place.
 E = Time spent auto-exploring this place.
 F = Levels seen in this place.
 G = Mean time per level.
                   A        B        C        D        E       F      G
               +--------+--------+--------+--------+--------+-----+--------+
         Total |   5270 |   5042 |    228 |     22 |   4087 |   6 |  878.3 |
       Dungeon |   5270 |   5042 |    228 |     22 |   4087 |   6 |  878.3 |
               +--------+--------+--------+--------+--------+-----+--------+

Top non-repeatable levels by time:
     D:3: 1696 daAuts
     D:5: 829 daAuts
     D:4: 803 daAuts
     D:1: 711 daAuts
     D:2: 681 daAuts
     D:6: 548 daAuts
